 Dungeon Crawl Stone Soup version 0.31-a0-358-gac0dbeb3ab (webtiles) character file.

Game seed: 5365398280756060159

69 Bnni the Insei (level 4, 0/29 HPs)
             Began as an Octopode Shapeshifter on July 25, 2023.
             Succumbed to a scorpion's poison
             ... on level 4 of the Dungeon.
             The game lasted 00:01:48 (1950 turns).

Bnni the Insei (Octopode Shapeshifter)              Turns: 1950, Time: 00:01:49

Health: 0/29       AC:  1    Str: 11 (14) XL:     4   Next: 20%
Magic:  4/4        EV: 13    Int:  8 (10) God:
Gold:   166        SH:  0    Dex: 11 (14) Spells: 3/3 levels left

rFire   . .          .
                       - Unarmed
rCold   . . .        (no shield)
rNeg    . . .        (helmet currently unavailable)
rPois   .            i - amulet of regeneration
rElec   .            (no ring)
rCorr   .            (no ring)
SInv    .            (no ring)
Will    .....        (no ring)
Stlth   ++           (no ring)
HPRegen 1.04/turn    (no ring)
MPRegen 0.09/turn    (no ring)
                     (no ring)

%: no passive effects
@: lethally poisoned (0 -> -2), beast-form
A: beast (slay +2), almost no armour, amphibious, 8 rings, camouflage 1,
gelatinous body 1, (nimble swimmer 1), tentacles
a: Begin Untransformation


You were on level 4 of the Dungeon.
You were a hulking beast.
You visited 1 branch of the dungeon, and saw 4 of its levels.

You collected 166 gold pieces.

Inventory:

Missiles
 l - a throwing net
Jewellery
 i - an amulet of regeneration (around mantle)
Talismans
 b - a beast talisman
Wands
 o - a wand of charming (4)
Scrolls
 c - 2 scrolls of amnesia {unknown}
 d - 2 scrolls of enchant weapon {unknown}
 e - a scroll of immolation {unknown}
 f - a scroll of teleportation {unknown}
 g - a scroll of brand weapon {unknown}
 j - a scroll of vulnerability {unknown}
 k - 4 scrolls of revelation {unknown}
 n - a scroll of identify {unknown}
Potions
 a - a potion of lignification
 h - a potion of degeneration
 m - a potion of enlightenment {unknown}


   Skills:
 + Level 2.1 Fighting
 + Level 2.7 Dodging
 + Level 3.5 Unarmed Combat
 + Level 3.3 Shapeshifting


You had 3 spell levels left.
You didn't know any spells.
Your spell library contained the following spells:

 Spells                   Type           Power      Damage    Failure   Level
 Static Discharge         Conj/Air       0%         2-2/arc   54%         2
 Airstrike                Air            0%         2d(0-16)  99%         4
 Summon Lightning Spire   Summ/Air       0%         N/A       99%         4


Dungeon Overview and Level Annotations

Branches:
Dungeon (4/15)
 Temple: D:4-7

Altars:
Trog
Uskayaw


Innate Abilities, Weirdness & Mutations

You are a hulking beast.
Your limbs bulge with bestial killing power. (Slay +2)
You cannot wear most types of armour.
You are amphibious.
You can wear up to eight rings at the same time.
Your skin changes colour to match your surroundings (Stealth+).
Your rubbery body absorbs attacks. (AC +1, EV +1)
((You are camouflaged when in or above water. (Stealth+)))
You have tentacles for arms and can constrict up to eight enemies at once.


Message History

Partly explored, can't reach some places.
No target in view!
Partly explored, can't reach some places.
No target in view!
There is a stone staircase leading down here.
You climb downwards.
You hear the hiss of flowing sand.
There is an entrance to an ossuary on this level.
Hurry and find it before the portal is buried!
Found a stone staircase leading down.
There is a stone staircase leading up here.
An adder comes into view.
The scorpion stings you.
You tentacle-slap the scorpion. You grab the scorpion.
The scorpion is lightly wounded.
You constrict the scorpion. The scorpion stings you!
You tentacle-slap the scorpion but do no damage.
The scorpion is moderately wounded.
You constrict the scorpion. The scorpion stings you.
You are poisoned.
The scorpion poisons you!
You tentacle-slap the scorpion but do no damage.
The scorpion is heavily wounded.
You constrict the scorpion.
You feel very sick. The scorpion stings you!
* * * LOW HITPOINT WARNING * * *
You are too injured to fight recklessly!
Okay, then.
Unknown command.
You completely miss the scorpion.
The scorpion is heavily wounded.
You constrict the scorpion.
You feel sick. The scorpion stings you.
* * * LOW HITPOINT WARNING * * *
The scorpion barely misses you.
Unknown command.
It was a potion of degeneration.
There was something very wrong with that liquid.
You feel weakened.
You feel dopey.
You feel clumsy.
You constrict the scorpion.
You die...

## #. # #.
S#
#.####.###
#..#..>...
##.<..#
#.....#.#
##.h....#
##s#####
#.. #...
.....
......
.#.#... ..
......


You could see a scorpion and an adder (asleep).

Vanquished Creatures
  3 adders (D:2)
  A worm (D:2)
  A dart slug (D:3)
  2 ball pythons
  4 bats
  3 endoplasms
  A giant cockroach (D:1)
  A goblin (D:3)
  7 hobgoblins
  2 jackals (D:3)
  2 quokkas
  4 frilled lizards
  2 kobolds (D:2)
  2 rats
35 creatures vanquished.

Notes
Turn   | Place    | Note
-------+----------+-------------------------------------------
     0 | D:1      | Bnni the Octopode Shapeshifter began the quest for the Orb.
     0 | D:1      | Reached XP level 1. HP: 13/13 MP: 1/1
   206 | D:1      | Reached XP level 2. HP: 14/18 MP: 2/2
   876 | D:2      | Reached XP level 3. HP: 17/24 MP: 3/3
  1006 | D:2      | Found a hide-covered altar of Uskayaw.
  1577 | D:3      | Reached XP level 4. HP: 29/29 MP: 4/4
  1585 | D:3      | Found a faded altar of an unknown god.
  1618 | D:3      | Found a bloodstained altar of Trog.
  1943 | D:4      | Noticed a scorpion
  1949 | D:4      | HP: 1/29 [scorpion (6)]
  1950 | D:4      | Succumbed to a scorpion's poison

Illustrated notes

Levels and vault maps discovered:
D:1:      minmay_arrival_four_houses, layout_basic
D:2:      layout_rooms, basic_altar
D:3:      layout_loops_ring, lightli_temple_of_fire, basic_ecumenical_altar
D:4:      layout_loops_cross, dreamdust_divine_triumvirate,
          nicolae_ashenzari_panopticon, enter_ossuary_5, serial_shops,
          nicolae_shop_statue_plus, kennysheep_another_room

Skill      XL: |  1  2  3 |
---------------+----------+-----
Fighting       | 2 |  2.1
Dodging        | |  2.7
Unarmed Combat | |  3.5
Shapeshifting  | |  3.3

Action                     |  1- 3 |  4- 6 || total
---------------------------+-------+-------++-------
  Melee: Unarmed           |    55 |    14 ||    69
         Constrict         |    13 |     4 ||    17
         Tentacles         |    12 |     3 ||    15
         Punch             |     1 |       ||     1
    Use: Potion            |     1 |     1 ||     2
   Stab: Sleeping          |     4 |     2 ||     6
 Armour: Skin              |     5 |     1 ||     6
  Dodge: Dodged            |    26 |     3 ||    29

Table legend: (Time is in decaauts)
 A = Elapsed time spent in this place.
 B = Non-inter-level travel time spent in this place.
 C = Inter-level travel time spent in this place.
 D = Time resting spent in this place.
 E = Time spent auto-exploring this place.
 F = Levels seen in this place.
 G = Mean time per level.
                   A        B        C        D        E       F      G
               +--------+--------+--------+--------+--------+-----+--------+
         Total |   1944 |   1810 |    134 |      0 |   1541 |   4 |  486.0 |
       Dungeon |   1944 |   1810 |    134 |      0 |   1541 |   4 |  486.0 |
               +--------+--------+--------+--------+--------+-----+--------+

Top non-repeatable levels by time:
     D:1: 829 daAuts
     D:3: 581 daAuts
     D:2: 526 daAuts
     D:4: 6 daAuts
